 Dungeon Crawl Stone Soup version 0.16-a0-4123-g49b462e (webtiles) character file.

1927 Chiseanne the Covered (level 9, -1/69 HPs)
             Began as a Formicid Monk on Mar 2, 2015.
             Was an Elder of Makhleb.
             Slain by a jelly (2 damage)
             ... on level 9 of the Dungeon.
             The game lasted 00:31:44 (8112 turns).

Chiseanne the Covered (Formicid Monk)               Turns: 8112, Time: 00:31:44

Health: -1/69      AC: 10    Str: 16    XL:     9   Next: 40%
Magic:  6/6        EV: 13    Int: 13    God:    Makhleb [****..]
Gold:   129        SH: 10    Dex: 15    Spells: 0 memorised, 8 levels left

rFire  . . .     SeeInvis +     s - +6 flail "Cleimeh" {antimagic, +Inv}
rCold  . . .     Clarity  +     h - +0 scale mail
rNeg   . . .     SustAb   .     z - +0 shield
rPois  +         Gourm    .     (helmet unavailable)
rElec  .         Spirit   .     (no cloak)
rCorr  .         Warding  .     (no gloves)
rMut   .         Stasis   +     w - +1 pair of boots
MR     .....                    e - amulet of clarity
Stlth  +.........               B - ring of poison resistance
                                t - +2 ring of evasion

@: not resistant to hostile enchantments, very unstealthy
A: permanent stasis, dig shafts and tunnels, four strong arms, antennae 3, agile
1, spit poison 1
a: Dig, Shaft Self, Spit Poison, Minor Destruction, Lesser Servant of Makhleb,
Major Destruction, Renounce Religion, Evoke Invisibility


You were on level 9 of the Dungeon.
You worshipped Makhleb.
Makhleb was greatly pleased with you.
You were hungry.

You visited 1 branch of the dungeon, and saw 9 of its levels.
You also visited: Ossuary.

You collected 236 gold pieces.
You spent 107 gold pieces at shops.

Inventory:

Hand weapons
 a - a +3 flail of protection
 d - a +1 dagger of electrocution
 n - a +0 morningstar
 s - the +6 flail "Cleimeh" (weapon) {antimagic, +Inv}
   (You found it on level 9 of the Dungeon)

   It disrupts the flow of magical energy around spellcasters and certain
   magical creatures (including the wielder).
   It lets you turn invisible.
Missiles
 D - 63 sling bullets
 E - 22 bolts
Armour
 h - a +0 scale mail (worn)
 w - a +1 pair of boots (worn)
 z - a +0 shield (worn)
Jewellery
 e - an amulet of clarity (around neck)
 t - a +2 ring of evasion (left hand)
 u - a cursed amulet of warding
 v - a cursed ring of wizardry
 B - a ring of poison resistance (right hand)
 F - an uncursed ring of protection from magic
Magical devices
 f - a wand of confusion (0)
Scrolls
 c - 2 scrolls of fog
 k - a scroll of remove curse
 o - a scroll of amnesia
 r - 2 scrolls of immolation
 y - a scroll of fear
Potions
 g - a potion of ambrosia
 i - a potion of flight
 m - a potion of cancellation
 C - a potion of brilliance
Books
 l - a book of Callings

   Spells                             Type                      Level
   a - Summon Small Mammal            Summoning                    1
   b - Call Imp                       Summoning                    2
   c - Call Canine Familiar           Summoning                    3
   d - Summon Guardian Golem          Hexes/Summoning              4
   e - Summon Lightning Spire         Summoning/Air                4
   f - Summon Ice Beast               Ice/Summoning                4
Comestibles
 b - 3 bread rations
 j - 4 meat rations
 H - a beef jerky


   Skills:
 - Level 6.0 Fighting
 * Level 3.1 Maces & Flails
 * Level 7.6 Armour
 - Level 4.5 Dodging
 - Level 2.4 Stealth
 * Level 5.5 Shields
 - Level 4.0 Unarmed Combat
 * Level 3.9 Invocations


You had 8 spell levels left.
You didn't know any spells.

Dungeon Overview and Level Annotations

Branches:
Dungeon (9/15)             Temple (0/1) D:4
   Lair: D:8-11         Orc: D:9-12

Altars:
Fedhas
Makhleb
Sif Muna
Xom
Zin

Shops:
D:6 %=[

Annotations:
D:2 exclusion: 2 downstairs
D:3 barkface's ghost, average MiFi
D:4 exclusion: downstairs
D:5 Eptagon's ghost, experienced FoFi; Eustachio
D:9 exclusion: door


Innate Abilities, Weirdness & Mutations

You are under a permanent stasis effect.
You can dig through walls and to a lower floor.
Your four strong arms can wield two-handed weapons with a shield.
You have a pair of large antennae on your head (SInv).
You are agile. (Dex +2)
You can spit poison.


Message History

You block the wyvern's attack.
You thump the wyvern!
You kill the wyvern!
Makhleb accepts your kill.
You feel a little better.
Your Maces & Flails skill increases to level 3!
Your life force feels restored.
You hear a slurping noise.
The jelly barely misses you.
You hear a slurping noise.
You hear a slurping noise.
There is an open door here.
The orc wizard casts a spell.
The orc wizard blinks!
An electric eel comes into view.
The electric eel shoots out a bolt of lightning at you!
The bolt of electricity hits you!
* * * LOW HITPOINT WARNING * * *
The jelly hits you.
You die...

,,,,,,,,,,,≈≈≈≈.≈PP≈≈≈#####
*,,,,+,,,,,≈≈....≈P≈≈≈#...#
*,***,****,,,...........#,*
*,**,,* *,,,...........#,*
,,**,** **,,*#######..###,*
*,**,****,,,*#######..#**,**
,,,,.,,,,,***#.......###..,**
,,,.<.,,,,* #.......#≈;...,*****
,,,....,,** #..@....'♣≈,,,,,,,,*
,,,.....,* #..Jo...♣♣≈,,≈*,,,,*
,,......K#####......♣♣≈≈,,≈≈≈,,,*
,,,,,,♣.{.{.##.....♣♣≈≈,,,≈≈≈*≈≈+
,,...(≈≈≈♣#?.o....♣♣≈≈≈≈,,,≈≈≈≈≈*
,,>..≈.≈≈zP###....♣*≈≈≈,,≈,≈≈≈≈≈*
,,,..≈≈≈≈≈#* #....♣**≈≈,,,≈≈≈≈≈≈*
,,*.≈≈≈≈≈≈,* ###'#♣*≈≈≈,,,≈≈≈≈≈**
***,≈≈≈≈≈≈,* *#.# *≈≈,,,,≈≈≈≈≈≈*


You could see a jelly, an electric eel, an orc wizard and an orc.

Vanquished Creatures
  A wyvern (D:9)
  A water moccasin (D:5)
  2 sky beasts
  A phantom (D:4)
  An ogre (D:4)
  An orc warrior (D:6)
  5 giant frogs
  2 wights (D:9)
  2 crimson imps
  A quasit (D:9)
  A hound (D:4)
  6 orc priests
  3 orc wizards
  An iguana (D:9)
  A killer bee zombie (D:5)
  4 worker ants
  4 mummies (D:4)
  A worker ant zombie (D:6)
  3 gnolls (D:4)
  A shadow imp (D:4)
  7 adders
  4 worms
  2 giant mites (D:4)
  2 adder skeletons
  3 giant geckos
  16 orcs
  13 bats
  5 giant cockroaches
  2 gnoll zombies (Ossuary)
  8 hobgoblins
  8 jackals
  6 kobolds
  2 quokkas
  2 ball pythons
  6 giant newts
  13 goblins
  A hobgoblin zombie (Ossuary)
  A kobold zombie (Ossuary)
  2 orc zombies (Ossuary)
  A quokka skeleton (D:5)
  2 quokka zombies
  10 rats
158 creatures vanquished.

Vanquished Creatures (others)
  A ynoxinul (D:9)
  An electric eel (D:9)
  A giant newt (D:5)
  A giant spore (D:9)
  A plant (D:9)
5 creatures vanquished.

Grand Total: 163 creatures vanquished

Notes
Turn   | Place    | Note
--------------------------------------------------------------
     0 | D:1      | Chiseanne, the Formicid Monk, began the quest for the Orb.
     0 | D:1      | Reached XP level 1. HP: 18/18 MP: 1/1
   103 | D:1      | Reached XP level 2. HP: 20/24 MP: 3/3
   632 | D:2      | Reached XP level 3. HP: 30/30 MP: 4/4
  1117 | D:2      | Reached skill level 1 in Armour
  1314 | D:2      | Reached XP level 4. HP: 35/37 MP: 5/5
  2230 | D:3      | Noticed barkface's ghost (average MiFi)
  2276 | D:3      | Reached XP level 5. HP: 26/43 MP: 7/7
  2535 | D:3      | Found a burning altar of Makhleb.
  2551 | D:3      | Became a worshipper of Makhleb the Destroyer
  2551 | D:3      | Acquired Makhleb's first power
  2551 | D:3      | Acquired Makhleb's second power
  2703 | D:3      | Found a shimmering altar of Xom.
  2831 | D:3      | Found a glowing silver altar of Zin.
  3344 | D:4      | Reached skill level 1 in Invocations
  3344 | D:4      | Reached XP level 6. HP: 49/49 MP: 8/8
  3372 | D:4      | Found a staircase to the Ecumenical Temple.
  3420 | D:4      | Found a sand-covered staircase.
  3431 | Ossuary  | Entered an ossuary
  3587 | D:4      | Reached skill level 5 in Fighting
  3592 | D:4      | You fall through a shaft for 3 floors!
  3599 | D:7      | You fall through a shaft!
  3937 | D:6      | Found Owaan's Food Emporium.
  3943 | D:6      | Bought a beef jerky for 21 gold pieces
  3943 | D:6      | Bought a beef jerky for 21 gold pieces
  3943 | D:6      | Bought a beef jerky for 21 gold pieces
  4006 | D:5      | Entered Level 5 of the Dungeon
  4006 | D:5      | Noticed Eptagon's ghost (experienced FoFi)
  4129 | D:4      | Noticed a phantom
  4317 | D:4      | Reached XP level 7. HP: 39/56 MP: 11/11
  4446 | D:4      | Acquired Makhleb's third power
  4715 | D:4      | Killed a phantom
  5099 | D:4      | Reached skill level 6 in Fighting
  5099 | D:4      | Reached skill level 5 in Armour
  5099 | D:4      | Reached XP level 8. HP: 59/64 MP: 13/13
  5478 | D:4      | Found a deep blue altar of Sif Muna.
  5510 | D:5      | Noticed Eustachio
  5943 | D:5      | Noticed a water moccasin
  5952 | D:5      | Killed a water moccasin
  5952 | D:5      | Reached skill level 1 in Shields
  6151 | D:5      | HP: 1/64 [hobgoblin/wand of draining (4)]
  6152 | D:5      | Gained mutation: You are agile. (Dex +2) [potion of mutation]
  6152 | D:5      | Gained mutation: You can spit poison. [potion of mutation]
  6718 | D:5      | Acquired Makhleb's fourth power
  6761 | D:5      | Noticed a sky beast
  6782 | D:5      | Killed a sky beast
  6782 | D:5      | Reached skill level 1 in Maces & Flails
  7202 | D:6      | Found Quttick's Jewellery Emporium.
  7213 | D:6      | Bought a cursed -3 ring of strength for 22 gold pieces
  7213 | D:6      | Bought a cursed -3 ring of protection for 22 gold pieces
  7269 | D:6      | Found Stasia's Armour Shop.
  7272 | D:6      | Noticed a sky beast
  7284 | D:6      | Killed a sky beast
  7414 | D:6      | Reached skill level 7 in Armour
  7414 | D:6      | Reached XP level 9. HP: 69/69 MP: 15/17
  7456 | D:6      | Found a blossoming altar of Fedhas.
  7459 | D:6      | Noticed an orc warrior
  7463 | D:6      | Noticed a sky beast
  7488 | D:6      | Killed an orc warrior
  7518 | D:6      | You fall through a shaft for 3 floors!
  7518 | D:9      | Found a burning altar of Makhleb.
  7962 | D:9      | Got a dazzling flail
  7963 | D:9      | Identified the +6 flail "Cleimeh" {antimagic, +Inv} (You found it on level 9 of the Dungeon)
  8080 | D:9      | Reached skill level 5 in Shields
  8112 | D:9      | HP: 1/69 [electric eel/bolt of electricity (12)]
  8112 | D:9      | Slain by a jelly

Action                   |  1- 3 |  4- 6 |  7- 9 || total
-------------------------+-------+-------+-------++-------
Melee: Unarmed           |   100 |   257 |    94 ||   451
       Trident           |       |       |    76 ||    76
       Flail             |       |       |   298 ||   298
       Dagger            |       |       |    25 ||    25
Invok: Lesser Servant of |       |       |     1 ||     1
 Abil: Shaft Self        |       |     2 |     1 ||     3
       Dig               |       |       |     1 ||     1
       Spit Poison       |       |       |     1 ||     1
Evoke: Wand              |       |     2 |     9 ||    11
  Use: Scroll            |       |    15 |     7 ||    22
       Potion            |       |       |     6 ||     6
 Stab: Invisible         |       |       |     1 ||     1
  Eat: Chunk             |     1 |     8 |    10 ||    19
       Fruit             |       |     2 |       ||     2
       Beef jerky        |       |     1 |     2 ||     3
